 Dungeon Crawl Stone Soup version 0.31-a0-664-g902f515a81 (webtiles) character file.

Game seed: 6851640210930502594

8351 Conn the Destroyer (level 11, -17/61 HPs)
             Began as an Octopode Fire Elementalist on Sept 2, 2023.
             Was a Priest of Sif Muna.
             Killed from afar by an acid dragon (24 damage)
             ... with a splash of acid
             ... on level 11 of the Dungeon.
             The game lasted 00:30:00 (8984 turns).

Conn the Destroyer (Octopode Fire Elementalist)     Turns: 8984, Time: 00:30:09

Health: -17/61     AC:  4    Str:  7    XL:     11   Next: 29%
Magic:  30/34      EV: 16    Int: 32    God:    Sif Muna [***...]
Gold:   119        SH:  0    Dex: 22    Spells: 6/25 levels left

rFire   + . .        a - +2 sling (flame)
rCold   . . .        z - orb {*channel}
rNeg    + . .        L - +3 hat of Pondering {ponderous, Will+ MP+10 Int+5}
rPois   .            i - amulet of magic regeneration
rElec   .            v - +6 ring of intelligence
rCorr   .            x - ring of positive energy
SInv    .            y - ring of protection from fire
Will    +....        E - +6 ring of dexterity
Stlth   ++++         G - +4 ring of slaying
HPRegen 0.30/turn    (no ring)
MPRegen 0.64/turn    (no ring)
                     (no ring)

%: channel magic (20%)
@: very slightly contaminated, slow
A: almost no armour, amphibious, 8 rings, camouflage 1, gelatinous body 1,
(nimble swimmer 1), tentacles, agile 1, high MP 1
a: Renounce Religion, Channel Magic, Forget Spell


You were on level 11 of the Dungeon.
You worshipped Sif Muna.
Sif Muna was most pleased with you.
You visited 1 branch of the dungeon, and saw 11 of its levels.

You collected 524 gold pieces.
You spent 405 gold pieces at shops.

Inventory:

Hand Weapons
 a - a +2 sling of flaming (weapon)
 b - a +1 dagger of electrocution
 q - the +8 whip of Jatuebo {heavy, Fragile Str+3 Int+3 Dex+5}
   (You found it on level 3 of the Dungeon)

   Str+3:     It affects your strength (+3).
   Int+3:     It affects your intelligence (+3).
   Dex+5:     It affects your dexterity (+5).
   Fragile:   It will be destroyed if unequipped.
Missiles
 o - 2 throwing nets
Armour
 z - an orb of energy (worn)
 L - the +3 hat of Pondering (worn) {ponderous, Will+ MP+10 Int+5}
   (You took it off Gastronok on level 10 of the Dungeon)

   Int+5:     It affects your intelligence (+5).
   Will+:     It increases your willpower.
   MP+10:     It affects your magic capacity (+10).
Magical Staves
 w - a staff of earth
Jewellery
 i - an amulet of magic regeneration (around mantle)
 v - a +6 ring of intelligence (left tentacle)
 x - a ring of positive energy (right tentacle)
 y - a ring of protection from fire (on tentacle)
 D - an amulet of the acrobat
 E - a +6 ring of dexterity (on tentacle)
 G - a +4 ring of slaying (on tentacle)
 H - a ring of ice
Wands
 s - a wand of mindburst (10)
 u - a wand of digging (6)
 B - a wand of iceblast (16)
 K - a wand of paralysis (3)
Scrolls
 f - a scroll of revelation
 g - 4 scrolls of teleportation
 h - 2 scrolls of blinking
 j - 2 scrolls of fog
 k - a scroll of brand weapon
 l - 2 scrolls of noise
 p - 2 scrolls of poison
 r - a scroll of enchant weapon
 t - a scroll of fear {unknown}
 A - 2 scrolls of butterflies
 C - a scroll of acquirement {unknown}
 M - 2 scrolls of torment {unknown}
 O - a scroll of amnesia {unknown}
Potions
 c - a potion of magic
 d - 4 potions of curing
 e - 2 potions of mutation
 m - a potion of haste
 n - 3 potions of lignification
 F - a potion of might
 J - a potion of heal wounds
 N - a potion of cancellation {unknown}
Miscellaneous
 I - a tin of tremorstones (2/2)


   Skills:
 - Level 6.5 Ranged Weapons
 + Level 5.0 Dodging
 - Level 2.6 Stealth
 + Level 7.7 Spellcasting
 + Level 8.0 Conjurations
 - Level 5.0 Summonings
 + Level 5.4 Fire Magic
 - Level 3.0 Air Magic
 * Level 7.0 Invocations


You had 6 spell levels left.
You knew the following spells:

 Your Spells              Type           Power      Damage    Failure   Level
a - Foxfire               Conj/Fire      100%       2x1d9     2%          1
b - Scorch                Fire           94%        2d8       4%          2
c - Inner Flame           Hex/Fire       29%        N/A       12%         3
d - Flame Wave            Conj/Fire      53%        2d13      9%          4
e - Mephitic Cloud        Conj/Pois/Air  36%        N/A       10%         3
f - Summon Guardian Gole  Hex/Summ       28%        N/A       13%         3
g - Ozocubu's Armour      Ice            12%        N/A       28%         3

Your spell library contained the following spells:

 Spells                   Type           Power      Damage    Failure   Level
 Kiss of Death            Conj/Necr      100%       2d13      4%          1
 Poisonous Vapours        Pois/Air       44%        N/A       11%         2
 Slow                     Hex            48%        N/A       12%         1
 Volatile Blastmotes      Fire/Tloc      58%        2d14      12%         3
 Lesser Beckoning         Tloc           24%        N/A       17%         2
 Confusing Touch          Hex            12%        N/A       28%         3
 Gell's Gravitas          Tloc           12%        N/A       28%         3
 Teleport Other           Tloc           12%        N/A       28%         3
 Tukima's Dance           Hex            12%        N/A       28%         3
 Vampiric Draining        Necr           12%        2d6       28%         3
 Freezing Cloud           Conj/Ice/Air   18%        6-21      45%         5
 Passage of Golubria      Tloc           12%        N/A       58%         4
 Summon Mana Viper        Hex/Summ       28%        N/A       58%         5
 Yara's Violent Unravell  Hex/Tmut       6%         3d5       87%         5
 Simulacrum               Ice/Necr       6%         N/A       100%        6
 Enfeeble                 Hex            6%         N/A       100%        7
 Ozocubu's Refrigeration  Ice            6%         4d8       100%        7
 Polar Vortex             Ice            6%         N/A       100%        9


Dungeon Overview and Level Annotations

Branches:
Dungeon (11/15)            Temple (0/1) D:6
   Lair: D:8-11         Orc: D:9-12

Altars:
Ashenzari
Sif Muna
Trog
Vehumet
Zin

Shops:
D:6 [![([   D:7 (   D:9 :   D:10 *

Annotations:
D:3 2 transporters, greenbourne's ghost, amateur DrWn
D:10 5 transporters


Innate Abilities, Weirdness & Mutations

You cannot wear most types of armour.
You are amphibious.
You can wear up to eight rings at the same time.
Your skin changes colour to match your surroundings (Stealth+).
Your rubbery body absorbs attacks. (AC +1, EV +1)
((You are camouflaged when in or above water. (Stealth+)))
You have tentacles for arms and can constrict up to eight enemies at once.
You are agile. (Dex +4, Str/Int -1)
You have an increased reservoir of magic. (+10% MP)


Message History

The arrow hits you!
An acid dragon comes into view.
The centaur wields a +0 shortbow.
The centaur shoots an arrow.
The arrow barely misses you.
The acid dragon roars!
Casting: Foxfire (safe; 2% risk of failure)
Confirm with . or Enter, or press ? or * to list all spells.
Aiming: Mephitic Cloud (dangerous; 10% risk of failure)
Press: ? - help, Shift-Dir - straight line, f - centaur
Aim: a centaur, wielding a +0 shortbow (chance to affect: 81%)
The ball explodes into a vile cloud!
The stinking cloud engulfs the centaur but does no damage.
You hear a shout!
The centaur shoots an arrow.
The arrow closely misses you.
The centaur is engulfed in noxious fumes.
The centaur appears confused.
A centaur comes into view.
The centaur shoots an arrow.
The arrow hits you!
You hear a roar!
Unknown command.
The centaur is engulfed in noxious fumes.
The centaur wields a +0 shortbow.
The centaur shoots an arrow.
The arrow hits you!
An acid dragon comes into view.
The centaur shoots an arrow.
The arrow completely misses you.
There is an open door here.
Unknown command.
Casting: Mephitic Cloud (dangerous; 10% risk of failure)
Confirm with . or Enter, or press ? or * to list all spells.
Flames lash the centaur.
The centaur is severely wounded.
The centaur's fire resistance burns away.
Unknown command.
The centaur shoots an arrow.
The arrow hits you! The acid dragon spits acid at you.
The splash of acid hits you!!
* * * LOW HITPOINT WARNING * * *
The acid dragon spits acid at you. The splash of acid hits you!!
You die...

.......# .......# .....#.#
###Dc. .##....# ..#c.###
.......##### ####.#....
.....[.....# ..#.D.D.# #
#....).###.#####.#..)c.##.#
#......###....#....c......#
......<'...##.#.@##.......#
#....†.###.##.#...'..c.....
#......# #.##....##.......#
#......# #.########....$..#
######.. ..# #.......#
#.##### #.......# #.#
#.......# ..# #......!#
.........


You could see 2 acid dragons and 3 centaurs.

Vanquished Creatures
  Gastronok (D:10)
  A two-headed ogre (D:10)
  Jeremiah (D:7)
  A kobold demonologist (D:10)
  4 hornets (D:9)
  A wraith (D:11)
  2 shadows (D:10)
  5 yaks (D:9)
  2 wyverns (D:9)
  A steam dragon (D:7)
  An acid dragon (D:9)
  2 water moccasins
  Duvessa (D:6)
  4 orc warriors
  A sky beast (D:8)
  2 black bears (D:6)
  An ogre (D:4)
  8 centaurs
  2 phantoms
  3 kobold brigands
  2 bullfrogs
  Dowan (D:6)
  6 killer bees (D:9)
  4 jellies
  A gnoll bouda (D:4)
  2 hounds
  2 orc priests
  A sleepcap (D:5)
  3 iguanas
  7 orc wizards
  4 adders
  13 gnolls
  2 shadow imps (D:6)
  3 white imps
  3 ufetubi
  2 worms
  A dart slug (D:5)
  34 orcs
  4 ball pythons
  9 endoplasms
  7 giant cockroaches
  3 goblins
  6 hobgoblins
  2 jackals (D:5)
  7 kobolds
  6 quokkas
  3 bats
  4 frilled lizards
  3 rats
189 creatures vanquished.

Vanquished Creatures (others)
  A yak (D:9)
  A bullfrog (D:9)
  2 gnoll boudas
  409 foxfires
413 creatures vanquished.

Grand Total: 602 creatures vanquished

Notes
Turn   | Place    | Note
-------+----------+-------------------------------------------
     0 | D:1      | Conn the Octopode Fire Elementalist began the quest for the
                  | Orb.
     0 | D:1      | Reached XP level 1. HP: 11/11 MP: 3/3
   170 | D:1      | Reached XP level 2. HP: 17/17 MP: 5/5
   261 | D:1      | Reached skill level 1 in Ranged Weapons
   324 | D:1      | Learned a level 2 spell: Scorch
   691 | D:2      | Reached XP level 3. HP: 21/21 MP: 6/6
   695 | D:2      | Learned a level 3 spell: Inner Flame
  1154 | D:3      | Reached skill level 2 in Conjurations
  1154 | D:3      | Reached XP level 4. HP: 25/27 MP: 2/8
  1294 | D:3      | Found a transporter.
  1295 | D:3      | Noticed a scorpion
  1307 | D:3      | Found a transporter.
  1327 | D:3      | Noticed greenbourne's ghost (amateur DrWn)
  1580 | D:3      | Reached XP level 5. HP: 28/31 MP: 5/9
  1735 | D:3      | Identified the +8 whip of Jatuebo {heavy, Fragile Str+3
                  | Int+3 Dex+5}
  1798 | D:3      | Found a glowing silver altar of Zin.
  2157 | D:4      | Noticed an ogre
  2165 | D:4      | Killed an ogre
  2166 | D:4      | Reached skill level 3 in Conjurations
  2166 | D:4      | Reached XP level 6. HP: 36/36 MP: 2/11
  2328 | D:4      | You fall into a shaft and drop 1 floor!
  2328 | D:5      | Entered Level 5 of the Dungeon
  2353 | D:5      | Reached XP level 7. HP: 32/41 MP: 3/13
  2494 | D:5      | Reached skill level 4 in Conjurations
  2612 | D:5      | Learned a level 4 spell: Flame Wave
  2616 | D:5      | Learned a level 3 spell: Mephitic Cloud
  2637 | D:5      | Found a shimmering blue altar of Sif Muna.
  2637 | D:5      | Found a radiant altar of Vehumet.
  2654 | D:5      | Became a worshipper of Sif Muna the Loreminder
  3016 | D:5      | Reached skill level 1 in Air Magic
  3054 | D:5      | Got the Elucidation of Shades and Leadership
  3604 | D:3      | Gained mutation: You have hidden genetic potential. [potion
                  | of mutation]
  3984 | D:6      | Reached XP level 8. HP: 46/46 MP: 6/15
  3999 | D:6      | Reached * piety under Sif Muna
  4040 | D:6      | Found a staircase to the Ecumenical Temple.
  4080 | D:6      | Found Yxutuof's Antique Armour Shoppe.
  4119 | D:6      | Found Baeps's Armour Boutique.
  4159 | D:6      | Noticed Duvessa
  4163 | D:6      | Noticed Dowan
  4166 | D:6      | Killed Duvessa
  4167 | D:6      | Reached skill level 5 in Ranged Weapons
  4167 | D:6      | Reached skill level 5 in Spellcasting
  4167 | D:6      | Reached skill level 5 in Conjurations
  4172 | D:6      | Killed Dowan
  4196 | D:6      | Gained mutation: You are agile. (Dex +4, Str/Int -1)
                  | [hidden potential]
  4242 | D:6      | Found Soubrer's Antique Armour Shoppe.
  4447 | D:6      | Found Sialois's Antique Weapon Shoppe.
  4575 | D:6      | Found Ravvapny's Distillery.
  4583 | D:6      | Bought a potion of haste for 140 gold pieces
  4583 | D:6      | Bought a potion of heal wounds for 70 gold pieces
  4724 | D:7      | Found Xujoezua's Antique Weapon Emporium.
  4754 | D:7      | Noticed Jeremiah
  4848 | D:6      | Learned a level 3 spell: Summon Guardian Golem
  5091 | D:7      | Reached skill level 1 in Summonings
  5366 | D:7      | Killed Jeremiah
  5367 | D:7      | Reached skill level 6 in Conjurations
  5367 | D:7      | Reached XP level 9. HP: 51/51 MP: 17/17
  6139 | D:8      | Gained mutation: You have an increased reservoir of magic.
                  | (+10% MP) [hidden potential]
  6139 | D:8      | Lost mutation: You have hidden genetic potential. [hidden
                  | potential expressed]
  6657 | D:8      | Reached ** piety under Sif Muna
  6818 | D:9      | Found Ynoaf's Book Shop.
  6923 | D:9      | Noticed a hornet
  6925 | D:9      | Noticed a hornet
  6926 | D:9      | Killed a hornet
  6927 | D:9      | Reached skill level 1 in Invocations
  6928 | D:9      | Killed a hornet
  7018 | D:9      | Noticed a hornet
  7018 | D:9      | Noticed a hornet
  7041 | D:9      | Killed a hornet
  7042 | D:9      | Reached XP level 10. HP: 56/56 MP: 13/22
  7050 | D:9      | Reached skill level 7 in Conjurations
  7556 | D:9      | Reached *** piety under Sif Muna
  7557 | D:9      | Reached skill level 5 in Summonings
  7557 | D:9      | Reached skill level 5 in Invocations
  7597 | D:9      | Found a broken altar of Ashenzari.
  7598 | D:9      | Found a bloodstained altar of Trog.
  8033 | D:10     | Entered Level 10 of the Dungeon
  8035 | D:10     | Noticed a two-headed ogre
  8044 | D:10     | Killed a two-headed ogre
  8214 | D:10     | Found a transporter.
  8220 | D:10     | Found a transporter.
  8238 | D:10     | Found a transporter.
  8250 | D:10     | Found a transporter.
  8265 | D:10     | Reached skill level 5 in Fire Magic
  8265 | D:10     | Reached XP level 11. HP: 31/61 MP: 17/24
  8276 | D:10     | Noticed Gastronok
  8366 | D:9      | Learned a level 3 spell: Ozocubu's Armour
  8476 | D:10     | Killed Gastronok
  8568 | D:10     | Found a transporter.
  8569 | D:10     | Found a transporter.
  8588 | D:10     | Reached skill level 5 in Dodging
  8663 | D:10     | Found Biwiop's Assorted Antiques.
  8673 | D:10     | Bought a scroll of blinking for 195 gold pieces
  8696 | D:10     | Identified the +1 flail "Koucour" {flame, Dex+3}
  8924 | D:11     | Reached skill level 8 in Conjurations
  8984 | D:11     | Killed from afar by an acid dragon

Illustrated notes

Levels and vault maps discovered:
D:1:      roderic_crossed_star, layout_rooms
D:2:      layout_rooms
D:3:      layout_basic, mainiacjoe_overflow_chevrons, gammafunk_ghost_arena
D:4:      layout_basic, minmay_diced_spiral
D:5:      layout_basic, gammafunk_temple_overflow_pools
D:6:      layout_loops_ring, minmay_temple_entry_gardened_gates, serial_shops,
          nicolae_shop_peninsula, shop, nicolae_shop_advertising_works
          [nicolae_subvault_shop_adworks], nicolae_shop_stone, shop,
          uniq_duvessa
D:7:      layout_basic, serial_rivers, chequers_serial_rivers_micro_e,
          chequers_serial_rivers_small_b, chequers_serial_rivers_micro_d,
          chequers_serial_rivers_small_a, serial_shops, nicolae_diamond_shop,
          uniq_jeremiah
D:8:      layout_loops_ring
D:9:      layout_loops_ring, gammafunk_temple_overflow_statue, serial_shops,
          shop_fountains, minmay_alternating_orb
D:10:     wander_river, layout_small_grid, serial_shops,
          nicolae_shop_window_shopping, serial_nicolae_subway,
          nicolae_sub_station_crystal, nicolae_sub_station_stone,
          nicolae_sub_station_metal, uniq_gastronok
D:11:     layout_basic, due_lair_maze_entry_diamond, serial_glass,
          glass_columns_b, glass_columns_a, roderic_batcave

Skill      XL: |  1  2  3  4  5  6  7  8  9 10 11 |
---------------+----------------------------------+-----
Ranged Weapons | 1 2 3 4 6 |  6.5
Conjurations   | 2 3 4 6 7 8 |  8.0
Spellcasting   | 3 4 5 6 7 |  7.7
Air Magic      | 2 3 |  3.0
Summonings     | 2 4 5 |  5.0
Invocations    | 3 6 7 |  7.0
Dodging        | 3 4 5 |  5.0
Fire Magic     | 5 |  5.4
Stealth        | |  2.6

Action                     |  1- 3 |  4- 6 |  7- 9 | 10-12 || total
---------------------------+-------+-------+-------+-------++-------
  Melee: Dagger            |       |       |       |     1 ||     1
   Fire: Sling             |    68 |    43 |    52 |     3 ||   166
   Cast: Foxfire           |    23 |    41 |   126 |    58 ||   248
         Scorch            |     2 |    22 |    85 |    33 ||   142
         Inner Flame       |       |     2 |    11 |    13 ||    26
         Mephitic Cloud    |       |       |     6 |     2 ||     8
         Summon Guardian G |       |       |     4 |     3 ||     7
         Flame Wave        |       |       |       |     9 ||     9
    Use: Potion            |       |       |     6 |     4 ||    10
         Scroll            |       |       |     8 |     1 ||     9
   Stab: Sleeping          |       |       |       |     1 ||     1
 Armour: Skin              |    18 |    13 |    27 |    29 ||    87
  Dodge: Dodged            |    18 |    21 |    27 |    51 ||   117

Table legend: (Time is in decaauts)
 A = Elapsed time spent in this place.
 B = Non-inter-level travel time spent in this place.
 C = Inter-level travel time spent in this place.
 D = Time resting spent in this place.
 E = Time spent auto-exploring this place.
 F = Levels seen in this place.
 G = Mean time per level.
                   A        B        C        D        E       F      G
               +--------+--------+--------+--------+--------+-----+--------+
         Total |   9063 |   8777 |    286 |    312 |   6180 |  11 |  823.9 |
       Dungeon |   9063 |   8777 |    286 |    312 |   6180 |  11 |  823.9 |
               +--------+--------+--------+--------+--------+-----+--------+

Top non-repeatable levels by time:
     D:9: 1358 daAuts
     D:7: 1144 daAuts
     D:5: 1072 daAuts
     D:3: 1064 daAuts
     D:8: 938 daAuts
    D:10: 784 daAuts
     D:6: 766 daAuts
     D:4: 747 daAuts
     D:1: 641 daAuts
     D:2: 473 daAuts
    D:11: 70 daAuts
